 Dungeon Crawl Stone Soup version 0.28-a0-249-g9004c80361 (webtiles) character file.

Game seed: 6110633435245349344

1008 Malachi the Changer (level 8, 0/51 HPs)
             Began as an Octopode Transmuter on Aug 26, 2021.
             Slain by a sky beast (3 damage)
             ... in the Ecumenical Temple.
             The game lasted 00:10:10 (8441 turns).

Malachi the Changer (Octopode Transmuter)           Turns: 8441, Time: 00:10:10

Health: 0/51       AC:  1    Str: 17 (18) XL:     8   Next: 20%
Magic:  11/11      EV: 13    Int: 21 (23) God:
Gold:   1628       SH:  0    Dex:  9 (12) Spells: 3/11 levels left

rFire   . . .      SeeInvis .   h - +4 mace "Wujaca" {flame, rC- Str+8 Int+6}
rCold   x . .      Faith    .   (no shield)
rNeg    . . .      Spirit   .   (helmet restricted)
rPois   .          Reflect  .   (no amulet)
rElec   .          Harm     .   (no ring)
rCorr   .          Rampage  .   (no ring)
Will    .....                   (no ring)
Stlth   ++........              (no ring)
HPRegen 0.17/turn               (no ring)
MPRegen 0.12/turn               (no ring)
                                (no ring)
                                (no ring)

@: no status effects
A: almost no armour, amphibious, 8 rings, camouflage 1, gelatinous body 1,
(nimble swimmer 1), tentacles
a: no special abilities


You were in the Ecumenical Temple.
You visited 2 branches of the dungeon, and saw 8 of its levels.

You collected 1628 gold pieces.

Inventory:

Hand Weapons
 h - the +4 mace "Wujaca" (weapon) {flame, rC- Str+8 Int+6}
   (You found it on level 7 of the Dungeon)

   It burns those it strikes, dealing additional fire damage.
   Str:       It affects your strength (+8).
   Int:       It affects your intelligence (+6).
   rC:        It makes you vulnerable to cold.
Missiles
 f - 2 throwing nets
Jewellery
 i - a ring of fire
 u - an amulet of faith
Wands
 e - a wand of iceblast (15)
 m - a wand of polymorph (4)
 o - a wand of mindburst (10)
 t - a wand of flame (21)
Scrolls
 c - a scroll of torment
 d - 3 scrolls of fog
 g - a scroll of amnesia
 k - 3 scrolls of teleportation {unknown}
 l - a scroll of fear {unknown}
 n - a scroll of enchant weapon {unknown}
 p - a scroll of noise {unknown}
 r - a scroll of immolation {unknown}
 s - a scroll of identify
Potions
 a - 2 potions of brilliance
 b - a potion of degeneration
 q - 2 potions of heal wounds {unknown}


   Skills:
 + Level 2.4 Fighting
 + Level 3.0 Dodging
 + Level 3.8 Unarmed Combat
 - Level 2.0 Spellcasting
 * Level 5.8 Transmutations
 * Level 4.1 Ice Magic
 - Level 5.0 Poison Magic


You had 3 spell levels left.
You knew the following spells:

 Your Spells              Type           Power      Damage    Failure   Level
a - Beastly Appendage     Tmut           52%        N/A       1%          1
b - Spider Form           Tmut/Pois      12%        N/A       4%          3
c - Ice Form              Ice/Tmut       22%        N/A       19%         4

Your spell library contained the following spells:

 Spells                   Type           Power      Damage    Failure   Level
 Wereblood                Tmut           26%        N/A       1%          2
 Ozocubu's Armour         Ice            19%        N/A       9%          3
 Ignite Poison            Fire/Tmut/Pois 17%        N/A       10%         3
 Foxfire                  Conj/Fire      8%         2x1d4     14%         1
 Summon Small Mammal      Summ           8%         N/A       14%         1
 Mephitic Cloud           Conj/Pois/Air  9%         N/A       22%         3
 Call Canine Familiar     Summ           2%         N/A       41%         3
 Conjure Flame            Conj/Fire      2%         6-21      41%         3
 Inner Flame              Hex/Fire       2%         N/A       41%         3
 Summon Guardian Golem    Hex/Summ       2%         N/A       41%         3
 Bolt of Magma            Conj/Fire/Erth 1%         4d4       99%         5
 Ozocubu's Refrigeration  Ice            9%         4d6       100%        7


Dungeon Overview and Level Annotations

Branches:
Dungeon (7/15)             Temple (1/1) D:7

Altars:
Ashenzari
Dithmenos
Elyvilon
Fedhas
Hepliaklqana
Kikubaaqudgha
Nemelex Xobeh
Okawaru
Ru
Wu Jian
Xom
Yredelemnul
Jiyva

Shops:
D:6 *


Innate Abilities, Weirdness & Mutations

You cannot wear most types of armour.
You are amphibious.
You can wear up to eight rings at the same time.
Your skin changes colour to match your surroundings (Stealth+).
Your rubbery body absorbs attacks. (AC +1, EV +1)
((You are camouflaged near water. (Stealth+)))
You have tentacles for arms and can constrict up to eight enemies at once.


Message History

The sky beast is moderately wounded.
The sky beast flickers out of sight!
Deactivating autopickup; reactivate with Ctrl-A.
Something hits you. Something shocks you.
You barely miss something. Something hits you.
* * * LOW HITPOINT WARNING * * *
Something shocks you.
* * * LOW HITPOINT WARNING * * *
Okay, then.
A sky beast appears from thin air!
Reactivating autopickup.
The sky beast flickers out of sight!
Deactivating autopickup; reactivate with Ctrl-A.
A sky beast appears from thin air!
Reactivating autopickup.
The sky beast flickers out of sight!
Deactivating autopickup; reactivate with Ctrl-A.
Something hits you.
* * * LOW HITPOINT WARNING * * *
Something shocks you.
* * * LOW HITPOINT WARNING * * *
A sky beast appears from thin air!
Reactivating autopickup.
You feel better. The sky beast barely misses you.
You see here a +0 dagger.
The sky beast flickers out of sight!
Deactivating autopickup; reactivate with Ctrl-A.
There is a staircase to the Ecumenical Temple here.
Something hits you.
* * * LOW HITPOINT WARNING * * *
Something shocks you.
* * * LOW HITPOINT WARNING * * *
You climb downwards.
Welcome back to the Ecumenical Temple!
Reactivating autopickup.
There is a staircase back to the Dungeon here.
It was a potion of degeneration.
There was something very wrong with that liquid.
You feel weakened.
You feel dopey.
You feel clumsy. Something hits you.
You die...

####### ######### #######
..#...### ###.......### ###...#..
_..._...###..._..._...###..._..._
.........#.............#.........
................{................
................@................
.................................
.........#.............#.........
_..._...###..._..._...###..._..._
..#...### ###.......### ###...#..
####### ######### #######


There were no monsters in sight!

Vanquished Creatures
  Eustachio (D:4)
  A necrophage (D:5)
  An ogre (D:3)
  3 centaurs
  A phantom (D:4)
  A scorpion (D:6)
  A water moccasin skeleton (D:5)
  A hound (D:5)
  A centaur skeleton (D:6)
  Ijyb (D:4)
  2 iguanas
  3 gnolls (D:5)
  6 adders
  An ufetubus (D:5)
  A worm (D:4)
  A dart slug (D:2)
  8 orcs
  2 endoplasms
  3 giant cockroaches
  6 goblins
  6 hobgoblins
  4 jackals (D:3)
  4 kobolds
  6 quokkas
  3 ball pythons
  2 frilled lizards
  3 rats (D:1)
73 creatures vanquished.

Vanquished Creatures (others)
  An orc (D:5)
1 creature vanquished.

Grand Total: 74 creatures vanquished

Notes
Turn   | Place    | Note
-------+----------+-------------------------------------------
     0 | D:1      | Malachi the Octopode Transmuter began the quest for the
                  | Orb.
     0 | D:1      | Reached XP level 1. HP: 13/13 MP: 3/3
   426 | D:1      | Reached skill level 1 in Poison Magic
   502 | D:1      | Reached XP level 2. HP: 15/18 MP: 3/5
  1459 | D:2      | Reached XP level 3. HP: 14/23 MP: 4/6
  1463 | D:2      | Learned a level 3 spell: Spider Form
  3035 | D:3      | Noticed an ogre
  3037 | D:3      | Killed an ogre
  3038 | D:3      | Reached XP level 4. HP: 28/28 MP: 7/7
  3038 | D:3      | Reached XP level 5. HP: 33/33 MP: 8/8
  3467 | D:3      | Learned a level 4 spell: Ice Form
  3551 | D:3      | Found a faded altar of an unknown god.
  4059 | D:3      | Identified a scroll of acquirement
  4064 | D:3      | Acquired 511 gold pieces
  4114 | D:4      | Acquired 903 gold pieces
  4416 | D:4      | Noticed Eustachio
  4437 | D:4      | Killed Eustachio
  4438 | D:4      | Reached skill level 1 in Ice Magic
  4438 | D:4      | Reached XP level 6. HP: 38/38 MP: 4/9
  4564 | D:4      | Reached skill level 5 in Poison Magic
  5399 | D:5      | Entered Level 5 of the Dungeon
  5445 | D:5      | Noticed Ijyb
  5667 | D:4      | Killed Ijyb
  5668 | D:4      | Reached XP level 7. HP: 34/43 MP: 7/10
  5941 | D:5      | Reached skill level 5 in Transmutations
  6826 | D:5      | Found an ancient bone altar of Kikubaaqudgha.
  7146 | D:5      | Found a hazy altar of Hepliaklqana.
  7351 | D:6      | Found Epsiatwus's Assorted Antiques.
  7360 | D:6      | Reached XP level 8. HP: 34/50 MP: 7/11
  7605 | D:7      | Found a staircase to the Ecumenical Temple.
  7626 | D:7      | Identified the +4 mace "Wujaca" {flame, rC- Str+8 Int+6}
  7639 | Temple   | Entered the Ecumenical Temple
  8271 | D:7      | Found a sparkling altar of Nemelex Xobeh.
  8439 | D:7      | HP: 2/51 [something (6)]
  8441 | Temple   | Slain by a sky beast

Illustrated notes

Levels and vault maps discovered:
D:1:      mainiacjoe_arrival_reflecting_pool, layout_basic,
          minmay_misc_feat_rugged
D:2:      layout_basic, hangedman_decor_slide_cut
D:3:      cheibrodos_old_hovel, layout_loops_ring,
          dreamdust_ecumenical_altar_grove, minmay_misc_feat_more_columns,
          wad_orctagon
D:4:      layout_basic, uniq_eustachio
D:5:      layout_layer_cave, kennysheep_mini,
          mainiacjoe_overflow_six_doors_small, uniq_ijyb
D:6:      minmay_chambers_of_fours, layout_gridville,
          nicolae_qazlal_scattered_showers, serial_shops, nicolae_shop_crystal
D:7:      layout_cave_pods, mainiacjoe_overflow_brackets,
          minmay_temple_entry_mist
Temple:   pf_slimified_temple

Skill      XL: |  1  2  3  4  5  6  7  8 |
---------------+-------------------------+-----
Poison Magic   | 1 2 3 4 5 |  5.0
Transmutations | 3 4 5 |  5.8
Ice Magic      | 1 2 3 4 |  4.1
Fighting       | 2 |  2.4
Dodging        | 3 |  3.0
Unarmed Combat | |  3.8
Spellcasting   | |  2.0

Action                   |  1- 3 |  4- 6 |  7- 9 || total
-------------------------+-------+-------+-------++-------
Melee: Unarmed           |    72 |    96 |    77 ||   245
       Kick              |    23 |    11 |       ||    34
       Constrict         |    17 |    12 |     1 ||    30
       Tentacles         |     9 |     5 |       ||    14
       Punch             |     3 |       |     2 ||     5
       Mace              |       |       |    10 ||    10
 Cast: Beastly Appendage |    22 |     7 |       ||    29
       Spider Form       |       |     6 |    11 ||    17
Evoke: Wand              |     2 |       |       ||     2
  Use: Scroll            |       |     9 |       ||     9
       Potion            |       |       |     3 ||     3
 Stab: Sleeping          |     3 |       |       ||     3
Armor: Skin              |     2 |    17 |    13 ||    32
Dodge: Dodged            |    41 |    74 |   106 ||   221

Table legend: (Time is in decaauts)
 A = Elapsed time spent in this place.
 B = Non-inter-level travel time spent in this place.
 C = Inter-level travel time spent in this place.
 D = Time resting spent in this place.
 E = Time spent auto-exploring this place.
 F = Levels seen in this place.
 G = Mean time per level.
                   A        B        C        D        E       F      G
               +--------+--------+--------+--------+--------+-----+--------+
         Total |   8439 |   7978 |    461 |   2358 |   4676 |   8 | 1054.9 |
       Dungeon |   7980 |   7519 |    461 |   1982 |   4676 |   7 | 1140.0 |
        Temple |    458 |    458 |      0 |    376 |      0 |   1 |  458.0 |
               +--------+--------+--------+--------+--------+-----+--------+

Top non-repeatable levels by time:
     D:4: 2092 daAuts
     D:1: 1508 daAuts
     D:2: 1428 daAuts
     D:5: 1286 daAuts
     D:3: 1170 daAuts
  Temple: 458 daAuts
     D:7: 380 daAuts
     D:6: 114 daAuts
